[Event "Romanian Superleague 2022"]
[Site "Oradea"]
[Date "2022.09.22"]
[Round "2.15"]
[White "Mendonca, Leon Luke"]
[Black "Stepanencu, Nicodim-Cosmin"]
[Result "1-0"]
[ECO "D45"]
[WhiteElo "2558"]
[BlackElo "2289"]
[Annotator "TA"]
[PlyCount "101"]
[EventDate "2022.09.21"]
[EventType "team-tourn"]
[EventCountry "ROU"]
[SourceTitle "playchess.com"]
[Source "ChessBase"]
[SourceQuality "1"]
[TimeControl "40/5400+30:1800+30"]

1. d4 d5 2. c4 c6 3. Nc3 Nf6 4. e3 e6 5. Nf3 Nbd7 6. Be2 Bd6 7. O-O O-O 8. b3 Qe7 9. Bb2 b6 {[%emt 0:00:00] D45: Semi-Slav: 5 e3.} 10. Bd3 $5 {[%emt 0:02:19][%mdl 4] Leaves trodden paths.} Bb7 11. Re1 e5 (11... Rfd8 $11) 12. dxe5 Nxe5 13. cxd5 {[%emt 0:01:35] [#]} Nxd5 $146 ({Predecessor:} 13... cxd5 14. Nb5 Nxd3 15. Qxd3 Bc5 16. Nfd4 g6 17. a3 a6 18. b4 axb5 19. bxc5 bxc5 20. Nxb5 {1-0 (62) Morefield,J (2242)-Girsh,D (2076) Dulles 2022}) 14. Nxd5 Nxf3+ 15. Qxf3 cxd5 16. e4 Rfe8 17. e5 $40 {[%emt 0:02:47][%mdl 128] White goes for the king.} Bb4 18. Re2 {[%emt 0:05:52] Threatens to win with a3.} Qg5 19. a3 Bf8 20. Rae1 {[%emt 0:00:45] And now e6 would win.} Re7 ({Better is} 20... Bc8 $14) 21. Bc1 Qh4 22. g3 $1 Qd4 23. Bb2 Qc5 24. b4 Qc7 {[%emt 0:01:43][%cal Od5d4] [#]} 25. Bd4 (25. e6 $1 $18 {Threatening mate with Qf5.} d4 26. Qf5) 25... Rae8 26. h4 {[%emt 0:01:22][%cal Bh2h4,Bh4h5][%mdl 32] White is much more active.} g6 27. h5 {[%emt 0:01:19] aiming for Bb5.} Bg7 28. Qf4 Re6 29. Qg5 Qe7 30. Qf4 (30. Qe3 $16) 30... Bc6 (30... Qc7 $1 $11 {remains equal.}) 31. Kg2 $16 Qd7 32. Bb1 (32. Re3 $142) 32... Bb5 33. Re3 Bc4 (33... Rc8 $16) 34. Qg4 $18 Qe7 (34... Bb5 $16 {was necessary.} 35. hxg6 hxg6) 35. f4 Qf8 $2 (35... Bb5 36. hxg6 hxg6) 36. f5 gxf5 37. Qxf5 Rh6 38. g4 {[%emt 0:00:25] Black must now prevent g5.} Ba6 39. Qf3 (39. g5 $142 Bc8 40. e6 fxe6 41. Qxf8+ Rxf8 42. Bxg7 (42. gxh6 Bxd4 43. Rf3 Rxf3 $18) 42... Rxh5 43. Bxf8 Rxg5+ 44. Rg3 Rxg3+ 45. Kxg3 Kxf8 46. Rh1) 39... Qe7 40. Qf4 {[%emt 0:00:00] Against Qg5} Bc8 41. Rh1 Re6 42. Bf5 $2 (42. Rf1 $18) 42... Rc6 $2 (42... Bh6 $11 43. g5 Bxg5) 43. h6 Bh8 44. Rh5 {[%emt 0:01:29][%cal Oe5e6] Strongly threatening e6!} Qc7 45. Rg5+ Rg6 46. Rc3 Qb8 47. Bxc8 (47. Bxg6 $142 hxg6 {[#]} 48. Rxg6+ $3 Kf8 49. h7 Ke7 50. Qg5+ Kd7 51. Qf5+ Ke7 52. Qg5+ Kd7 53. Rg8) 47... Rxc8 48. e6 {[%emt 0:00:12][%csl Ge6][%cal Rf4f7] White mates.} f6 49. Rxg6+ hxg6 50. Qxb8 Rxb8 51. Rc7 {[%emt 0:00:04] Weighted Error Value: White=0.28 (precise) /Black=0.59} 1-0

[Event "Romanian Superleague 2022"]
[Site "Oradea"]
[Date "2022.09.22"]
[Round "2.16"]
[White "Vajda, Albert"]
[Black "Ghimpu, Samuel-Timotei"]
[Result "0-1"]
[ECO "B10"]
[WhiteElo "2305"]
[BlackElo "2434"]
[Annotator "TA"]
[PlyCount "66"]
[EventDate "2022.09.21"]
[EventType "team-tourn"]
[EventCountry "ROU"]
[SourceTitle "playchess.com"]
[Source "ChessBase"]
[SourceQuality "1"]
[TimeControl "40/5400+30:1800+30"]

1. e4 c6 2. d3 d5 3. Nd2 e5 4. Ngf3 Bd6 5. g3 Nf6 6. Bg2 O-O 7. O-O Re8 8. h3 Nbd7 9. a4 {[%emt 0:07:16] B10: Caro-Kann: 2 d3 and 2 c4.} a5 10. Re1 h6 11. Nf1 {[%emt 0:03:02] [#] Black is slightly better.} Bf8 $146 ({Predecessor:} 11... dxe4 12. dxe4 Nc5 13. N3d2 Be6 14. Qe2 Bf8 15. Ne3 Qc7 16. Qf3 Nfd7 17. g4 Rad8 {0-1 (42) Robertson,I (2175)-Grant,J (2295) Grangemouth 1995}) 12. exd5 cxd5 13. d4 e4 14. N3d2 Nb6 15. b3 Be6 16. Bb2 Nc8 17. c4 Bb4 18. cxd5 Bxd5 19. Re2 Nd6 (19... Bxd2 $5 20. Nxd2 Nd6 $11) 20. Ne3 Bxd2 21. Rxd2 Qd7 22. g4 {[%emt 0:09:44] Inhibits Nf5.} Rac8 23. Rc1 Rxc1 24. Bxc1 b5 25. Bf1 bxa4 26. bxa4 Bc6 27. Ra2 Nd5 $36 {[%emt 0:00:57][%mdl 2048] [#] aiming for ...Nc3. White is under pressure.} 28. Nxd5 Bxd5 29. Ra3 Bc4 30. Bf4 Bxf1 31. Qxf1 Qc6 {[%emt 0:07:31] Inhibits Qa6.} 32. Qd1 Nc4 33. d5 $2 {[%emt 0:02:14][%mdl 8192] [#]} (33. Rc3 $11 {and White stays safe.}) 33... Qf6 {[%emt 0:00:08] Weighted Error Value: White=0.21 (precise) /Black=0.07 (flawless)} 0-1

[Event "Romanian Superleague 2022"]
[Site "Oradea"]
[Date "2022.09.22"]
[Round "2.17"]
[White "David, Alexandru-Vasile"]
[Black "Balla, Tamas-Kristof"]
[Result "1-0"]
[ECO "E71"]
[WhiteElo "2417"]
[BlackElo "2325"]
[Annotator "TA"]
[PlyCount "63"]
[EventDate "2022.09.21"]
[EventType "team-tourn"]
[EventCountry "ROU"]
[SourceTitle "playchess.com"]
[Source "ChessBase"]
[SourceQuality "1"]
[TimeControl "40/5400+30:1800+30"]

1. d4 Nf6 2. c4 g6 3. Nc3 Bg7 4. e4 d6 5. h3 O-O 6. Be3 Na6 7. g4 {[%emt 0:01:20] E71: King's Indian: 4 e4 d6 5 h3.} c5 8. Nge2 $1 {[%emt 0:02:29] 8.Nge2 scores better than 8.d5.} Qa5 9. Qd2 $1 {[%emt 0:02:20] White is slightly better.} e5 {[%emt 0:02:53] [#]} (9... cxd4 $14 10. Nxd4 Be6) 10. d5 $1 $16 Nc7 {[%emt 0:16:02] [#]} 11. f3 $146 ({Predecessor:} 11. Ng3 a6 12. Bh6 b5 13. Rg1 Rb8 14. Nh5 Nxh5 15. gxh5 bxc4 16. Bxg7 Kxg7 17. Bxc4 {0-1 (77) Storme,I (2397)-Maltsevskaya,A (2331) Chess.com INT 2021}) 11... Rb8 (11... Bd7 $142) 12. a4 Na6 13. Ng3 Ne8 14. Bd3 (14. h4 $18) 14... Nb4 15. Bb1 a6 16. Ra3 Qc7 17. h4 f6 18. h5 g5 (18... b6 $16 {was necessary.} 19. b3 Kf7) 19. h6 $18 Bh8 20. a5 b6 21. axb6 Rxb6 (21... Qxb6 {is a better defense.} 22. Nf5 Bd7) 22. Bc2 Rf7 23. Ba4 Kf8 24. Nf5 Qb8 (24... Rb8 {was called for.} 25. Ne2 Qd8) 25. O-O {[%emt 0:02:00] Black must now prevent Bxe8.} Qc7 $2 (25... Bxf5 {keeps fighting.} 26. exf5 (26. gxf5 Nc7 $18) 26... Kg8) 26. Bxe8 Kxe8 27. Na4 Bxf5 28. Nxb6 ({Less strong is} 28. exf5 Rb8 29. Nc3 Kf8 $18) (28. gxf5 Rb8 29. Kg2 Rd7 $16) 28... Bxg4 (28... Bd7 $142 29. Nxd7 Rxd7) 29. fxg4 Qxb6 {[%emt 0:00:06] [#]} 30. Bxg5 $1 fxg5 (30... Nc6 31. dxc6) 31. Rxf7 Kxf7 32. Qxg5 {[%emt 0:00:09] Weighted Error Value: White=0.10 (very precise) /Black=0.70} 1-0

[Event "Romanian Superleague 2022"]
[Site "Oradea"]
[Date "2022.09.22"]
[Round "2.18"]
[White "Doncea, Vladimir"]
[Black "Berescu, Alin-Mile"]
[Result "1/2-1/2"]
[ECO "A13"]
[WhiteElo "2342"]
[BlackElo "2440"]
[Annotator "TA"]
[PlyCount "36"]
[EventDate "2022.09.21"]
[EventType "team-tourn"]
[EventCountry "ROU"]
[SourceTitle "playchess.com"]
[Source "ChessBase"]
[SourceQuality "1"]
[TimeControl "40/5400+30:1800+30"]

1. Nf3 Nf6 2. c4 e6 3. g3 d5 4. Bg2 dxc4 5. Na3 Bxa3 6. bxa3 O-O 7. Qc2 {[%emt 0:00:13] A13: English Opening: 1...e6.} b5 8. Bb2 {[%emt 0:00:41] [#] Threatens to win with Ng5.} Nd5 9. O-O {[%emt 0:00:36] The position is equal.} Nd7 10. Nd4 a6 11. a4 c5 $1 12. Nc6 Qe8 {[%emt 0:08:33] And now ...N7b6 would win.} 13. axb5 axb5 14. a4 {[%emt 0:00:14][%mdl 64] Deflection} b4 15. Qxc4 {[%emt 0:04:42] [#]} Ba6 $146 (15... Bb7 $1 $17 16. Ne5 (16. Qg4 $2 f6 $19) 16... N5b6) ({Predecessor:} 15... Bb7 16. Ne5 N5b6 17. Qf4 Bxg2 18. Nxd7 Qxd7 19. Bxg7 Nd5 20. Qg5 f6 21. Bxf6+ Kf7 22. Kxg2 Nxf6 23. Qxc5 {0-1 (53) Schroer,M (2064)-Erenberg,A (2407) Douglas 2018}) 16. Qh4 (16. Qc2 $11 {remains equal.}) 16... N7f6 $2 (16... f6 $17 17. Rfc1 (17. Be4 g6 $17) 17... Bb7) 17. e4 $2 {[%emt 1:04:37] White has more active pieces.} (17. Bxf6 $16 {keeps the pressure on.} Nxf6 18. Rfc1) 17... Qxc6 18. exd5 exd5 {[%emt 0:00:30] Weighted Error Value: White=0.47/Black=0.44} 1/2-1/2

[Event "Romanian Superleague 2022"]
[Site "Oradea"]
[Date "2022.09.22"]
[Round "2.19"]
[White "Marin, Mihail"]
[Black "Efimenko, Zahar"]
[Result "1/2-1/2"]
[ECO "A07"]
[WhiteElo "2457"]
[BlackElo "2599"]
[Annotator "TA"]
[PlyCount "54"]
[EventDate "2022.09.21"]
[EventType "team-tourn"]
[EventCountry "ROU"]
[SourceTitle "playchess.com"]
[Source "ChessBase"]
[SourceQuality "1"]
[TimeControl "40/5400+30:1800+30"]

1. g3 e5 2. Bg2 d5 3. d3 Nf6 4. Nf3 Nc6 5. O-O a5 6. Bg5 {[%emt 0:06:38] A07: Réti Opening: New York and Capablanca Systems.} Be7 7. Nc3 {[%emt 0:00:09] [#]} O-O $146 ({Predecessor:} 7... d4 8. Bxf6 Bxf6 9. Ne4 Be7 10. e3 O-O 11. exd4 exd4 12. Re1 h6 13. Ned2 Be6 {0-1 (33) Vasli,A (2397)-Lushenkov,M (2434) Chess.com INT 2019}) 8. e4 dxe4 9. dxe4 Bg4 10. Bxf6 Bxf6 11. Nd5 Nb4 12. Ne3 Be6 13. c3 Na6 14. Qe2 c6 15. Rfd1 Qc7 16. h3 Nc5 17. Ng4 Nd7 18. Nxf6+ Nxf6 19. Ng5 Bd7 20. Qe3 h6 21. Nf3 Rad8 22. Ne1 Be6 23. Nd3 Bc4 24. Bf1 Bxd3 {[%emt 0:03:48] The position is equal.} 25. Bxd3 Rd7 26. Kg2 Rfd8 27. Bc2 Rxd1 {[%emt 0:02:37] Weighted Error Value: White=0.06 (flawless) /Black=0.05 (flawless)} 1/2-1/2

[Event "Romanian Superleague 2022"]
[Site "Oradea"]
[Date "2022.09.22"]
[Round "2.20"]
[White "Baklan, Vladimir"]
[Black "Miron, Lucian-Costin"]
[Result "1/2-1/2"]
[ECO "B90"]
[WhiteElo "2578"]
[BlackElo "2498"]
[Annotator "TA"]
[PlyCount "40"]
[EventDate "2022.09.21"]
[EventType "team-tourn"]
[EventCountry "ROU"]
[SourceTitle "playchess.com"]
[Source "ChessBase"]
[SourceQuality "1"]
[TimeControl "40/5400+30:1800+30"]

1. e4 c5 2. Nf3 d6 3. d4 cxd4 4. Nxd4 Nf6 5. Nc3 a6 6. Be3 Ng4 7. Bc1 Nf6 8. h3 e5 9. Nde2 h5 {[%emt 0:00:07] B90: Sicilian Najdorf: Unusual White 6th moves, 6 Be3 Ng4 and 6 Be3 e5.} 10. g3 Be7 {[%emt 0:01:26] 10...Nbd7 is setting a new trend.} 11. Bg2 b5 12. Nd5 Nxd5 13. Qxd5 Ra7 14. Be3 Rb7 15. Qd2 Nd7 16. Nc3 Nf6 {[%emt 0:00:34] The position is equal.} 17. Nd5 Nxd5 18. Qxd5 {[%emt 0:00:12] [#]} Rd7 $146 ({Predecessor:} 18... O-O 19. O-O Rd7 20. a4 b4 21. Qd1 h4 22. Qd2 Bb7 23. Qxb4 Qa8 24. Rfd1 Rc8 25. c3 a5 26. Qb5 Bc6 {0-1 (49) Bharat,K (2210)-Prraneeth,V (2464) Dubai 2022}) 19. O-O-O Bb7 20. Qd3 h4 {[%emt 0:06:49] Weighted Error Value: White=0.09 (flawless) /Black=0.03 (flawless)} 1/2-1/2

[Event "Romanian Superleague 2022"]
[Site "Oradea"]
[Date "2022.09.22"]
[Round "2.21"]
[White "Secheres, Adrian-Simion"]
[Black "Nanu, Costica-Ciprian"]
[Result "1/2-1/2"]
[ECO "D37"]
[WhiteElo "2375"]
[BlackElo "2518"]
[Annotator "TA"]
[PlyCount "72"]
[EventDate "2022.09.21"]
[EventType "team-tourn"]
[EventCountry "ROU"]
[SourceTitle "playchess.com"]
[Source "ChessBase"]
[SourceQuality "1"]
[TimeControl "40/5400+30:1800+30"]

1. d4 Nf6 2. c4 e6 3. Nf3 d5 4. Nc3 a6 5. cxd5 exd5 6. Bg5 {[%emt 0:00:12] D37: Queen's Gambit Declined: 5 Bf4.} Be6 7. e3 Nbd7 8. Bd3 {[%emt 0:00:32] White is slightly better.} c6 9. O-O Bd6 10. Bf4 Qc7 11. Bxd6 Qxd6 12. Qc2 O-O 13. Rac1 Rfe8 {[%emt 0:02:03] [#]} 14. Rfe1 $146 ({Predecessor:} 14. h3 g6 15. Na4 Rab8 16. Nc5 Nh5 17. b4 Ng7 18. a4 Bf5 19. Nxd7 Qxd7 20. Ne5 {½-½ (36) Barak,D (2070)-Kriebel,T (2528) Czech Republic 2019}) 14... h6 15. Nd2 c5 16. dxc5 Qxc5 17. Nf3 Qd6 18. Ne2 Ne5 19. Nxe5 Qxe5 20. Nd4 Rac8 21. Qb3 Rc7 22. Qb6 Rec8 23. f4 $1 Nd7 {[%emt 0:08:04][%cal Bf6d7,Bd7e5,Be5d3][%mdl 32] [#]} (23... Rxc1 $2 24. fxe5 Rxe1+ 25. Kf2 $18) 24. Qb4 $1 ({But not} 24. fxe5 Nxb6 25. Rxc7 Rxc7 $11) 24... Qf6 25. Rxc7 {[%emt 0:00:00] White is much more active.} Rxc7 {[%emt 0:00:05] [#]} 26. Qd6 $1 Rc8 27. f5 Qe5 28. Qxe5 (28. Qa3 $1 $14 Rc1 29. Rxc1 Qxe3+ 30. Kf1 Qxc1+ 31. Ke2) 28... Nxe5 $11 {[%emt 0:00:06] The position is equal.} 29. Bxa6 bxa6 30. fxe6 fxe6 31. Nxe6 $14 {[%emt 0:00:00][%mdl 4096] Endgame KRN-KRN} Rc2 32. b4 Rxa2 33. Nc7 Nd3 34. Rb1 Kf7 35. Nxd5 Ke6 36. Nf4+ Ke5 $2 {[%emt 0:05:02][%mdl 40960] Weighted Error Value: White=0.04 (flawless) /Black=0.04 (flawless) . An unexpected result.} (36... Nxf4 $11 {and Black has nothing to worry.} 37. exf4 Kf5) 1/2-1/2

[Event "Romanian Superleague 2022"]
[Site "Oradea"]
[Date "2022.09.22"]
[Round "2.22"]
[White "Manolache, Marius"]
[Black "Filip, Andrei"]
[Result "1-0"]
[ECO "D02"]
[WhiteElo "2455"]
[BlackElo "2356"]
[Annotator "TA"]
[PlyCount "89"]
[EventDate "2022.09.21"]
[EventType "team-tourn"]
[EventCountry "ROU"]
[SourceTitle "playchess.com"]
[Source "ChessBase"]
[SourceQuality "1"]
[TimeControl "40/5400+30:1800+30"]

1. d4 d5 2. Nf3 Nf6 3. Bf4 e6 4. e3 Bd6 5. Ne5 O-O 6. Nd2 c5 7. c3 {[%emt 0:00:44] D02: 1 d4 d5 2 Nf3 sidelines, including 2...Nf6 3 g3 and 2...Nf6 3 Bf4.} Qc7 {[%emt 0:01:16] is cutting edge theory.} 8. Bd3 Nfd7 9. Bg3 {[%emt 0:15:39] The position is equal.} (9. Qh5 g6 10. Qh4 Nxe5 11. dxe5 Bxe5 $15) 9... Nxe5 10. dxe5 Bxe5 11. Bxh7+ {[%emt 0:17:04][%mdl 64] Decoy} Kxh7 12. Qh5+ Kg8 {[%emt 0:00:09] Threatens to win with ...Nd7.} 13. Bxe5 Qe7 (13... Qb6 $11 {remains equal.}) 14. Nf3 $1 $16 {[%emt 0:01:39][%cal Bd2f3,Bf3h4,Bh4g6][%mdl 32] White has more active pieces.} f6 {[%emt 0:05:08] Against Ng5} 15. Bxb8 Rxb8 16. Nh4 $1 Rd8 (16... Re8 $1 $14) 17. Ng6 $18 Qd6 {[%emt 0:02:36] [#]} 18. f4 $146 {[%emt 0:00:23] Hoping for g4.} ({Predecessor:} 18. Rd1 Bd7 19. h4 Be8 20. Qh8+ Kf7 21. Qh7 e5 22. h5 Ke6 23. Nh4 Rd7 24. Qf5+ {1-0 (36) Samusenko,M (2440)-Zaika,D (2289) Moscow 2019}) 18... Bd7 {[%emt 0:02:22] [#]} 19. O-O $1 {[%emt 0:07:23] And now Rad1 would win.} Bb5 {[%emt 0:05:32] [#]} 20. Rfd1 ({White should try} 20. Rf2 $1 $16) 20... Qa6 $1 $14 21. Qh8+ Kf7 22. Qh7 $36 {[%emt 0:00:05][%cal Of4f5][%mdl 2048] White fights for an advantage.} Be2 (22... d4 $11) 23. Rd2 $16 {[%emt 0:01:09][%cal Og2g4] White stays focused until the end.} Bg4 ({Black should play} 23... d4) 24. Nh4 {[%emt 0:00:08] Qg6+ is the strong threat.} Bf5 {[%emt 0:04:38] Against Qg6+} 25. Qh5+ Kf8 (25... Ke7 $16) 26. Nxf5 $18 exf5 27. Qxf5 Qb6 28. Rad1 c4 29. Re2 (29. Rxd5 $6 Rxd5 30. Qxd5 Qxe3+ 31. Kh1 Qxf4 $16) 29... Re8 30. Rd4 ({Not} 30. Qxd5 $2 Rbd8 31. Qxd8 Rxd8 $19) ({Resist} 30. Rxd5 $6 Rxe3 31. Rb5 Rxe2+ $14) 30... Rbd8 31. Kf2 ({Wrong is} 31. Rxd5 $2 g6 32. Qxg6 Rxd5 33. Qh6+ Ke7 $19) 31... Qc6 32. h4 b5 33. h5 b4 34. cxb4 Re7 35. a3 Qb6 (35... Kg8 $142 36. g4 Qd6) 36. Rxd5 {[%emt 0:02:52] White is clearly winning.} Rde8 37. Rc5 Re6 38. Qd5 a5 (38... R6e7 $142 39. Qxc4 Qd8) 39. bxa5 Qb3 40. Qxc4 Qd1 41. Rc8 {[%emt 0:01:41] Threatening mate with Qxe6.} R6e7 42. Rxe8+ Rxe8 43. Qc5+ Kf7 44. a6 Qh1 45. Qd5+ {[%emt 0:00:13] Weighted Error Value: White=0.07 (flawless) /Black=0.36} 1-0

[Event "Romanian Superleague 2022"]
[Site "Oradea"]
[Date "2022.09.22"]
[Round "2.23"]
[White "Nastore, Pavel-Alexandru"]
[Black "Anton, Teodor"]
[Result "0-1"]
[ECO "B96"]
[WhiteElo "2279"]
[BlackElo "2454"]
[Annotator "TA"]
[PlyCount "68"]
[EventDate "2022.09.21"]
[EventType "team-tourn"]
[EventCountry "ROU"]
[SourceTitle "playchess.com"]
[Source "ChessBase"]
[SourceQuality "1"]
[TimeControl "40/5400+30:1800+30"]

1. e4 c5 2. Nf3 d6 3. d4 cxd4 4. Nxd4 Nf6 5. Nc3 a6 6. Bg5 Nbd7 7. Qe2 Qc7 8. f4 e6 9. O-O-O b5 10. a3 {[%emt 0:17:52] B96: Sicilian Najdorf: 6 Bg5 e6 7 f4, lines other than 7...Qb6 and 7...Be7.} Be7 11. g4 Rb8 {[%emt 0:00:21] 11...h6 gains popularity.} 12. Bh4 {[%emt 0:06:08] Threatens to win with g5. White has an edge.} h6 (12... Nxe4 $5 13. Qxe4 Bxh4 $11) 13. Bg3 {[%emt 0:00:23] And now e5 would win.} b4 $1 14. axb4 Rxb4 {[%emt 0:00:04] With the idea ...Bb7.} 15. e5 {[%emt 0:03:35] [#]} (15. Bg2 $11 {remains equal.}) 15... Bb7 $146 (15... dxe5 16. fxe5 Nh7 17. Na2 $15) ({Predecessor:} 15... dxe5 16. fxe5 Nh5 17. gxh5 Bg5+ 18. Kb1 Qxc3 19. Nb3 Qc7 20. h4 Bf4 21. Qe1 Ra4 22. Bxf4 Rxf4 {0-1 (31) Frolyanov,D (2556)-Dominguez Perez,L (2758) Moscow 2019}) 16. Bg2 {[%emt 0:26:08] [#]} dxe5 ({Better is} 16... Bxg2 $1 17. Qxg2 dxe5) 17. fxe5 Nxg4 18. Bxb7 {[%emt 0:15:27] Loses the game.} (18. Qxg4 $17 {only move.} Bxg2 19. Rhg1) 18... Bg5+ $19 19. Kb1 Qxb7 ({Weaker is} 19... Qxc3 20. Nb3 Qc7 21. h4 Qxb7 22. hxg5 $11) 20. Nb3 ({Don't go for} 20. Qxg4 $2 Rxb2+ 21. Ka1 Qb4 $19) 20... Ne3 {[%emt 0:01:45][%cal Od7c5] Hoping for ...Nc5!} 21. Rde1 Nc5 22. h4 $2 (22. Nxc5 {gets mated.} Rxb2+ 23. Ka1 Qb4) (22. Bf2 Nxb3 23. cxb3) 22... Nxb3 23. cxb3 Rxb3 24. hxg5 (24. Ka1 $142 Nf5 25. hxg5 Nxg3 26. Ne4 Nxe4 27. Qxe4) 24... Rxc3 25. Rc1 {[%emt 0:00:11] Prevents Rc2.} Nd5 (25... Ra3 $142 26. Rhe1 Qe4+ 27. Rc2 Qxc2+ 28. Qxc2 Ra1+ 29. Kxa1 Nxc2+ 30. Ka2 Nxe1 31. gxh6 Nd3 32. hxg7 Rg8) 26. Qe1 (26. Bf2 $142) 26... Rxc1+ 27. Qxc1 {[%emt 0:00:58] [#]} Nc3+ $1 28. Qxc3 (28. Ka1 Ne2) 28... Qxh1+ {[%emt 0:00:06][%mdl 4096] Endgame KQR-KQB} 29. Ka2 Qd5+ 30. Ka3 hxg5 {[%emt 0:00:15] Strongly threatening ...Rh3.} 31. Qc8+ Qd8 32. Qc6+ Kf8 {[%emt 0:00:17] White must now prevent ...Rh3.} 33. Be1 Rh3+ 34. b3 Kg8 {[%emt 0:00:50] Weighted Error Value: White=1.02/Black=0.24 (precise)} 0-1

[Event "Romanian Superleague 2022"]
[Site "Oradea"]
[Date "2022.09.22"]
[Round "2.24"]
[White "Antal, Hunor-Zoltan"]
[Black "Carmaciu, Lucian-Catalin"]
[Result "1-0"]
[ECO "B27"]
[WhiteElo "2235"]
[BlackElo "2376"]
[Annotator "TA"]
[PlyCount "63"]
[EventDate "2022.09.21"]
[EventType "team-tourn"]
[EventCountry "ROU"]
[SourceTitle "playchess.com"]
[Source "ChessBase"]
[SourceQuality "1"]
[TimeControl "40/5400+30:1800+30"]

1. e4 c5 2. Nf3 g6 3. d4 Bg7 4. dxc5 Qa5+ 5. c3 Qxc5 6. Na3 {[%emt 0:01:01] B27: Sicilian: 2 Nf3, unusual Black 2nd moves.} Qa5 (6... d6 $14) 7. Be3 (7. Qb3 $16) 7... Nc6 $11 8. Nc4 {[%emt 0:22:09] White has an edge.} Qc7 {[%emt 0:01:03] [#]} 9. Qd2 $146 {[%emt 0:01:51] White is much more active.} (9. Nd4 $1 $14) ({Predecessor:} 9. a4 Nf6 10. e5 Ng4 11. Bd4 O-O 12. Qe2 f6 13. exf6 Nxd4 14. Nxd4 Nxf6 15. Nb5 {0-1 (42) Stiri,A (2198)-Romanishin,O (2515) Kerkyra 2009}) 9... d6 10. Bf4 Bg4 (10... Nf6 $11) 11. Be2 Rd8 12. Ne3 Nf6 13. Nd5 Nxd5 14. exd5 Bxf3 15. Bxf3 Ne5 16. Be2 O-O 17. O-O Rb8 18. a4 a6 19. a5 Nc4 20. Qc2 Rfc8 21. Ra4 b5 22. axb6 Nxb6 23. Ra5 Nc4 24. Ra2 Qb7 25. Qe4 $36 {[%emt 0:00:58][%mdl 2048] White fights for an advantage.} Qb3 26. Rxa6 Nxb2 27. Ra7 ({White should play} 27. Qxe7 $14 Qxd5 28. Qxd6 (28. Rxd6 Qf5 $14) (28. Bxd6 Re8 $11) 28... Qxd6 29. Rxd6 (29. Bxd6 Rb3 $14)) 27... Bf6 $15 28. g4 Qxc3 (28... g5 $5 29. Be3 Rxc3 $17) 29. Rc1 Qb3 (29... Qh3 $15) 30. Rxc8+ $1 $14 Rxc8 31. g5 Qb6 $2 {[%emt 0:00:40][%mdl 8192] [#]} (31... Bg7 $14) 32. Be3 {[%emt 0:00:12] Weighted Error Value: White=0.22 (precise) /Black=0.21 (precise)} 1-0

[Event "Romanian Superleague 2022"]
[Site "Oradea"]
[Date "2022.09.22"]
[Round "2.25"]
[White "Dobre, Claudiu-Cristian"]
[Black "Berkes, Ferenc"]
[Result "1/2-1/2"]
[ECO "A28"]
[WhiteElo "2268"]
[BlackElo "2651"]
[Annotator "TA"]
[PlyCount "120"]
[EventDate "2022.09.21"]
[EventType "team-tourn"]
[EventCountry "ROU"]
[SourceTitle "playchess.com"]
[Source "ChessBase"]
[SourceQuality "1"]
[TimeControl "40/5400+30:1800+30"]

1. c4 e5 2. Nc3 Nf6 3. Nf3 Nc6 4. e3 d6 5. d4 Bd7 6. Be2 {[%emt 0:05:31] A28: English Opening: Four Knights Variation.} g6 7. b3 exd4 8. Nxd4 {[%emt 0:01:54] White is slightly better.} Bg7 9. Bb2 O-O 10. Bf3 {[%emt 0:05:44] [#]} Ne5 $146 ({Predecessor:} 10... Re8 11. O-O Ne5 12. Bxb7 Rb8 13. Bf3 Nxc4 14. bxc4 Rxb2 15. Nb3 Bf5 16. Nd4 Bd7 {1-0 (44) Ljubisavljevic,Z (2290)-Granaldi,A (1995) Campobasso 2006}) 11. Be2 Re8 12. O-O a6 13. Qd2 c5 14. Nf3 (14. Nc2 {is more complex.} Bc6 15. Rad1 b5 16. Qxd6 Qb6 17. cxb5 axb5 18. Nxb5 Re6 19. Qc7) 14... Bc6 15. Nxe5 dxe5 16. Qxd8 Raxd8 17. Rfd1 e4 18. Rxd8 Rxd8 19. Rd1 {[%emt 0:00:04] Prevents Rd2.} Rxd1+ 20. Nxd1 Nd7 21. Bxg7 Kxg7 $11 {[%emt 0:00:07][%mdl 4096] Endgame KBN-KBN} 22. Nc3 Ne5 23. h4 f5 24. Kh2 Kf6 25. Kg3 h6 26. f4 exf3 27. gxf3 {[%emt 0:00:09] The position is equal.} Nf7 28. f4 Nd6 29. Bf3 Bxf3 30. Kxf3 {[%emt 0:00:05] KN-KN} Ke6 31. a4 Nf7 32. Ke2 Nd8 33. Kd3 Nc6 34. Kd2 Nb4 35. Ne2 Kf6 36. Ng1 g5 37. hxg5+ hxg5 38. fxg5+ Kxg5 39. Nf3+ Kf6 40. Ke2 Nc6 41. Kf2 b6 42. Kg3 Nb4 43. Kf2 Na2 44. Nd2 Ke5 45. Kg3 Nc1 46. Kf3 a5 47. Kf2 Na2 48. Kg3 Nb4 49. Kf3 Nc2 50. Ke2 f4 51. exf4+ Kxf4 52. Kd3 Nd4 53. Ne4 Nxb3 {[%emt 0:00:00] [#] ( -> ...Nc1+)} 54. Nc3 Ke5 55. Nd5 Nc1+ 56. Kd2 Na2 {[%emt 0:00:00] ...Kd4 is the strong threat.} 57. Ke3 Nb4 58. Nxb6 Kd6 59. Ke4 Kc6 60. Nc8 Kd7 {[%emt 0:00:30] Weighted Error Value: White=0.04 (flawless) /Black=0.03 (flawless)} 1/2-1/2